Map: Ruins of Seras

Players

PiG - Winner!

  • Race: Zerg Zerg
  • League: Grandmaster

iaguz

  • Race: Terran Terran

Event: 2016 WCS Winter Challenger Oceania SEA

VOD

Have the link to the VOD?

Description

Time

  • Played on: Feb. 13, 2016, 11:40 p.m.
  • Length: 10:43

All games in this series

Show
View Real Time Build Order
Export as new Build Order

PiG Zerg - Winner!

Build Orders: Hatch First, Muta Ling Bane 

Get SALT Encoding   

  12  0:01  Drone  
  13  0:14  Overlord  
  13  0:19  Drone  
  14  0:33  Drone x2  
  16  0:36  Drone  
  17  0:53  Hatchery  
  16  0:58  Drone  
  16  1:00  Drone  
  18  1:13  Extractor  
  18  1:14  Spawning Pool  
  18  1:18  Drone  
  17  1:21  Drone  
  18  1:29  Drone  
  19  1:40  Overlord  
  19  1:51  Drone  
  20  2:01  Zergling x2, Queen  
  22  2:04  Queen  
  22  2:05  Zergling x2  
  26  2:12  Zergling x2  
  26  2:14  Metabolic Boost  
  27  2:19  Drone  
  28  2:25  Drone  
  29  2:30  Drone  
  29  2:35  Overlord  
  29  2:52  Hatchery  
  29  2:57  Drone x3  
  29  2:58  Drone  
  32  2:59  Drone  
  33  3:05  Overlord  
  33  3:13  Queen  
  33  3:14  Overlord  
  35  3:22  Drone  
  35  3:25  Drone x3  
  35  3:26  Drone x2  
  41  3:28  Drone  
  41  3:31  Drone  
  43  3:39  Overlord  
  43  3:40  Drone  
  44  3:44  Drone  
  45  3:53  Drone  
  45  3:54  Drone  
  45  3:55  Drone  
  48  3:57  Queen x2  
  52  4:04  Spine Crawler, Queen  
  53  4:13  Drone  
  53  4:14  Drone x3  
  57  4:23  Overlord  
  57  4:24  Overlord  
  57  4:25  Overlord  
  57  4:26  Drone x4  
  57  4:30  Drone  
  62  4:35  Drone x3  
  62  4:37  Lair  
  65  4:43  Drone  
  65  4:44  Drone  
  65  4:45  Drone  
  67  4:49  Drone  
  68  4:54  Hatchery  
  68  4:57  Spore Crawler  
  66  5:00  Spore Crawler  
  66  5:01  Drone x2  
  66  5:02  Extractor  
  66  5:03  Drone x2  
  66  5:05  Drone x3  
  66  5:06  Drone  
  72  5:10  Drone  
  72  5:12  Spore Crawler  
  72  5:17  Overlord x2  
  72  5:19  Baneling Nest  
  72  5:20  Drone, Extractor  
  72  5:21  Extractor x2  
  70  5:23  Extractor  
  68  5:37  Drone x2  
  68  5:38  Drone x3  
  68  5:39  Spire, Drone x3  
  68  5:40  Drone  
  68  5:41  Drone  
  77  5:46  Drone x3  
  80  5:56  Drone x3, Evolution Chamber  
  80  5:57  Drone, Evolution Chamber  
  83  6:00  Hatchery  
  81  6:07  Overlord  
  81  6:10  Zergling x10  
  86  6:20  Zergling x10  
  90  6:31  Zerg Ground Armor Level 1, Zerg Melee Weapons Level 1  
  88  6:35  Centrifical Hooks, Overlord  
  88  6:37  Drone x5  
  88  6:38  Drone x4  
  97  6:41  Zergling x8  
  97  6:42  Baneling x4  
  102  6:52  Spore Crawler  
  100  6:55  Drone  
  100  6:59  Mutalisk x6  
  111  7:21  Overlord  
  109  7:26  Drone x2  
  109  7:28  Zergling x16  
  109  7:29  Baneling x5  
  116  7:37  Zergling x18  
  116  7:40  Zerg Flyer Weapons Level 1  
  125  7:45  Drone x4, Infestation Pit  
  125  7:47  Extractor x2  
  125  7:49  Drone x2  
  127  7:52  Drone  
  127  7:55  Drone  
  127  7:57  Drone x2  
  131  8:01  Zergling x2  
  131  8:04  Baneling x5  
  132  8:06  Overlord  
  132  8:07  Overlord, Pneumatized Carapace  
  132  8:11  Overlord  
  133  8:12  Zergling x2  
  133  8:13  Zergling x14  
  133  8:17  Overlord x3  
  140  8:20  Overlord  
  140  8:28  Mutalisk x3  
  140  8:29  Mutalisk  
  140  8:31  Hive  
  140  8:33  Zergling x2  
  149  8:39  Zergling x4  
  148  8:48  Zergling x18  
  151  8:56  Zergling x8  
  151  8:57  Zergling x2  
  151  9:01  Baneling x3  
  152  9:12  Mutalisk x2  
  152  9:14  Zergling x16  
  164  9:27  Overlord  
  160  9:33  Zergling x20  
  160  9:34  Queen  
  172  9:39  Zergling x12  
  172  9:40  Zergling x2  
  172  9:43  Baneling x7  
  179  9:49  Zergling x16  
  187  9:56  Zergling x10  
  187  10:06  Zergling x16  
  158  10:09  Zergling x14  
  149  10:15  Ultralisk Cavern, Zergling x4  
  149  10:16  Zergling x2  
  149  10:20  Drone x2  
Show
View Real Time Build Order
Export as new Build Order

iaguz Terran 

Build Orders: MMM Bio 

Get SALT Encoding   

  12  0:01  SCV  
  13  0:13  SCV  
  14  0:18  Supply Depot  
  14  0:25  SCV  
  15  0:39  SCV  
  15  0:40  Barracks  
  16  0:51  SCV  
  17  1:03  SCV  
  18  1:16  SCV  
  19  1:19  Command Center  
  19  1:28  Orbital Command  
  19  1:31  Marine  
  20  1:36  Refinery  
  20  1:45  Supply Depot  
  20  1:49  Marine  
  20  1:54  SCV  
  22  1:57  Refinery  
  22  2:06  SCV  
  22  2:07  Marine  
  24  2:18  SCV  
  25  2:27  Marine  
  26  2:30  Factory, SCV  
  26  2:34  Orbital Command  
  27  2:45  SCV  
  27  2:46  Bunker  
  27  2:47  Barracks Reactor  
  28  2:57  SCV  
  29  3:00  SCV  
  30  3:09  SCV  
  30  3:12  SCV  
  32  3:16  Factory Tech Lab, Starport  
  32  3:22  SCV  
  32  3:23  Supply Depot  
  32  3:24  SCV, Marine x2  
  36  3:34  SCV  
  37  3:35  Siege Tank  
  37  3:36  SCV  
  41  3:46  SCV  
  42  3:48  SCV  
  43  3:57  Command Center  
  43  3:58  SCV  
  43  3:59  Fusion Core  
  43  4:01  SCV  
  45  4:04  Liberator  
  44  4:10  SCV  
  44  4:13  SCV  
  46  4:22  SCV  
  50  4:24  Supply Depot  
  50  4:25  Refinery, SCV  
  50  4:28  Barracks Tech Lab  
  51  4:32  Barracks x2  
  51  4:35  SCV  
  51  4:37  SCV  
  53  4:39  Refinery  
  53  4:41  Factory Reactor  
  53  4:47  SCV  
  53  4:49  SCV  
  53  4:52  Supply Depot  
  55  4:57  Advanced Ballistics  
  55  4:59  SCV  
  56  5:01  SCV  
  56  5:04  Marine  
  58  5:08  Orbital Command  
  58  5:11  Liberator, SCV  
  58  5:12  Barracks x2  
  58  5:13  SCV  
  60  5:16  Engineering Bay  
  60  5:18  Supply Depot  
  60  5:23  SCV, Engineering Bay  
  60  5:24  Marine  
  65  5:31  SCV  
  65  5:35  SCV  
  67  5:38  Factory Reactor, Marine x3  
  67  5:41  Marine  
  49  5:42  Orbital Command  
  71  5:46  Marine  
  71  5:48  Stimpack  
  71  5:49  Terran Infantry Weapons Level 1, SCV x2  
  74  5:50  Terran Infantry Armor Level 1  
  74  6:00  Barracks Reactor, Barracks Tech Lab  
  74  6:01  SCV  
  74  6:04  SCV  
  76  6:13  SCV  
  76  6:15  SCV  
  76  6:16  SCV  
  76  6:17  Marine  
  76  6:18  Marine x3  
  83  6:23  Marine x2  
  85  6:27  Supply Depot  
  85  6:28  Supply Depot  
  85  6:30  Supply Depot  
  85  6:31  Medivac x2  
  92  6:32  Siege Tank  
  92  6:35  SCV  
  93  6:40  Supply Depot  
  93  6:48  SCV, Marine x6  
  93  6:49  SCV, Combat Shields, Marine x2  
  93  6:52  Armory  
  103  6:54  SCV  
  104  7:02  Medivac x2  
  104  7:05  Refinery  
  104  7:06  Marine x3  
  104  7:07  Supply Depot, SCV x3  
  104  7:08  Refinery  
  114  7:09  Supply Depot  
  114  7:12  Supply Depot  
  114  7:21  Marine  
  114  7:22  Marine x4  
  119  7:23  Siege Tank  
  119  7:24  Marine  
  119  7:25  SCV x2  
  119  7:28  Barracks x3, SCV  
  123  7:38  Liberator  
  123  7:44  Supply Depot x2, Terran Infantry Weapons Level 2, Missile Turret, Terran Infantry Armor Level 2  
  123  7:45  Supply Depot  
  123  7:48  Marine x6  
  123  7:49  Marine x2  
  131  7:55  Liberator, Missile Turret  
  131  7:59  Missile Turret  
  130  8:14  Siege Tank, Marine x4  
  130  8:15  Marine x2  
  142  8:25  Marine  
  142  8:26  Marauder  
  148  8:28  Barracks Reactor  
  148  8:30  Barracks Tech Lab  
  148  8:31  Supply Depot  
  148  8:32  Marine x4  
  148  8:33  Marine x2  
  151  8:35  Barracks Tech Lab  
  151  8:40  Liberator  
  151  8:44  Marauder  
  153  8:50  Marine x3  
  153  8:51  Marauder, Marine  
  153  8:52  Siege Tank, Medivac  
  164  8:56  Marine x2  
  164  8:57  Marauder, Marine  
  171  9:05  Marine  
  171  9:14  Marine  
  171  9:15  Marauder, Marine x7  
  173  9:31  Marauder, Marine x2  
  171  9:32  Marine x3  
  171  9:33  Siege Tank, Medivac  
  171  9:34  Marine  
  171  9:37  Supply Depot, Marine x2  
  171  9:38  Marauder  
  178  9:44  Marine x2  
  178  9:49  Marauder, Marine  
  178  9:50  Marine x2  
  178  9:51  Marine  
  178  9:52  Marine  
  187  9:53  Marauder  
  187  9:55  Marine x2  
  187  9:59  Marauder  
  186  10:01  Marine  
  186  10:02  Marine  
  123  10:07  Marauder  
  123  10:08  Marine x2  
  123  10:10  Marine  
  123  10:11  Marauder  
  123  10:14  Marauder, SCV x3  
  105  10:19  Marine x2  
  105  10:20  Marauder  
Tags
 
Add a new tag
Caveats
  • Supply blocks, unpowered buildings, or Contaminate may cause inaccurate times.
  • Supply counts are checked every 10 seconds.